 Dungeon Crawl Stone Soup version 0.20-a0-672-gd6c3c51 (webtiles) character file.

136733 polly the Brawler (level 16, -8/115 HPs)
             Began as a Demonspawn Gladiator on Feb 14, 2017.
             Was the Champion of Yredelemnul.
             Killed from afar by a deep elf annihilator (26 damage)
             ... with a bolt of lightning
             ... on level 3 of the Elven Halls on Feb 18, 2017.
             The game lasted 01:37:23 (27993 turns).

polly the Brawler (Demonspawn Gladiator)           Turns: 27993, Time: 01:37:24

Health: -8/115     AC: 33    Str: 20    XL:     16   Next: 67%
Magic:  0/21       EV:  8    Int: 10    God:    Yredelemnul [******]
Gold:   1308       SH: 21    Dex: 23    Spells: 15/15 levels left

rFire    + + .     SeeInvis .     - Unarmed
rCold    + + +     Gourm    +   U - +10 plate armour of the Wary Queens {rF+ MR+}
rNeg     . . .     Faith    .   y - +2 shield
rPois    .         Spirit   +   Q - +0 helmet "Gaivvi" {rC+++}
rElec    .         Reflect  .   H - +0 cloak
rCorr    .         Harm     .   x - +2 pair of gloves {Dex+3}
MR       +++..                  k - +2 pair of boots {Stlth+}
Stlth    ..........             X - amulet of the gourmand
Regen    0.7/turn               (no ring)
MPRegen  0.4/turn               Z - ring of Accord {rF+ Dex+4}

@: wreathed by umbra, studying 2 skills, heavily drained
A: claws 2, large bone plates 2, magic resistance 1, powered by pain 1,
regeneration 1, magic shield, magic regeneration, MP-powered wands
a: Recall Undead Slaves, Injury Mirror, Animate Dead, Drain Life, Enslave Soul,
Renounce Religion


You were on level 3 of the Elven Halls.
You worshipped Yredelemnul.
Yredelemnul was exalted by your worship.
You were not hungry.

You visited 5 branches of the dungeon, and saw 27 of its levels.
You also visited: Ice Cave.

You collected 2776 gold pieces.
You spent 1468 gold pieces at shops.

Inventory:

Missiles
 Y - 7 tomahawks of dispersal (quivered)
Armour
 k - a +2 pair of boots of stealth (worn)
 x - a +2 pair of gloves of dexterity (worn)
 y - a +2 shield (worn)
 H - a +0 cloak (worn)
 Q - the +0 helmet "Gaivvi" (worn) {rC+++}
   (You bought it in a shop on level 3 of the Elven Halls)

   It renders you almost immune to cold.
 U - the +10 plate armour of the Wary Queens (worn) {rF+ MR+}
   (You bought it in a shop on level 3 of the Elven Halls)

   It protects you from fire.
   It affects your resistance to hostile enchantments.
Jewellery
 X - an amulet of the gourmand (around neck)
 Z - the ring of Accord (left hand) {rF+ Dex+4}
   (You found it on level 3 of the Elven Halls)

   [ring of protection from fire]

   It affects your dexterity (+4).
   It protects you from fire.
Scrolls
 b - 11 scrolls of remove curse
 i - 7 scrolls of amnesia
 n - 2 scrolls of fear
 q - 5 scrolls of enchant armour
 s - 8 scrolls of recharging
 t - 4 scrolls of immolation
 z - 2 scrolls of torment
 A - 2 scrolls of enchant weapon
 B - a scroll of fog
 D - 3 scrolls of blinking
 E - 3 scrolls of random uselessness
 G - 7 scrolls of teleportation
 N - 8 scrolls of magic mapping
 O - 6 scrolls of silence
Potions
 e - 2 potions of resistance
 h - 8 potions of curing
 l - a potion of cancellation
 m - 2 potions of flight
 v - 4 potions of mutation
 F - 5 potions of brilliance
 I - a potion of ambrosia {unknown}
 K - 6 potions of berserk rage
 S - 2 potions of magic
Books
 a - a manual of Ice Magic
 c - a manual of Long Blades
 d - a book of Changes

   Spells                             Type                      Level
   a - Beastly Appendage              Transmutation                1
   b - Sticks to Snakes               Transmutation                2
   c - Spider Form                    Transmutation/Poison         3
   d - Ice Form                       Ice/Transmutation            4
   e - Blade Hands                    Transmutation                5
 j - a book of Ice

   Spells                             Type                      Level
   a - Ice Form                       Ice/Transmutation            4
   b - Metabolic Englaciation         Hexes/Ice                    5
   c - Ozocubu's Refrigeration        Ice                          6
   d - Bolt of Cold                   Conjuration/Ice              6
   e - Freezing Cloud                 Conjuration/Ice/Air          6
   f - Simulacrum                     Ice/Necromancy               6
 p - a book of Maledictions

   Spells                             Type                      Level
   a - Corona                         Hexes                        1
   b - Ensorcelled Hibernation        Hexes/Ice                    2
   c - Confuse                        Hexes                        3
   d - Tukima's Dance                 Hexes                        3
   e - Dazzling Spray                 Conjuration/Hexes            3
 M - the Grimoire of Dark Arts
   (You found it on level 3 of the Elven Halls)

   Spells                             Type                      Level
   a - Vampiric Draining              Necromancy                   3
   b - Animate Dead                   Necromancy                   4
   c - Control Undead                 Necromancy                   4
   d - Simulacrum                     Ice/Necromancy               6
 R - a manual of Long Blades
 W - a book of Death

   Spells                             Type                      Level
   a - Corpse Rot                     Necromancy                   2
   b - Sublimation of Blood           Necromancy                   2
   c - Agony                          Necromancy                   5
   d - Dispel Undead                  Necromancy                   5
   e - Excruciating Wounds            Charms/Necromancy            5
   f - Bolt of Draining               Conjuration/Necromancy       5
Miscellaneous
 u - a box of beasts
 P - a phial of floods
Comestibles
 f - 16 bread rations
 g - 7 meat rations
 r - a chunk of flesh
 L - 7 royal jellies
 V - 13 fruits


   Skills:
 + Level 7.1(5.3) Fighting
 + Level 6.4(4.6) Long Blades
 + Level 2.4(0.8) Throwing
 + Level 11.1(9.1) Armour
 + Level 5.7(3.9) Dodging
 + Level 5.2(3.5) Stealth
 + Level 13.5(11.3) Shields
 + Level 17.4(15.0) Unarmed Combat
 + Level 7.4(5.6) Invocations


You had 15 spell levels left.
You didn't know any spells.

Dungeon Overview and Level Annotations

Branches:
Dungeon (15/15)            Temple (1/1) D:6            Lair (6/6) D:11
 Shoals (0/4) Lair:4       Spider (0/4) Lair:3        Slime (0/5) Lair:5
    Orc (2/2) D:10            Elf (3/3) Orc:2        Vaults (0/5) D:14
 Depths (0/5) D:15

Altars:
Ashenzari
Cheibriados
Dithmenos
Elyvilon
Fedhas
Gozag
Hepliaklqana
Kikubaaqudgha
Makhleb
Nemelex Xobeh
Okawaru
Qazlal
Ru
Sif Muna
Trog
Uskayaw
Vehumet
Xom
Yredelemnul
Zin
The Shining One
Beogh
Jiyva

Shops:
D:8 (   Orc:2 :![?   Elf:3 }=[(

Portals:
Pandemonium: Orc:2

Annotations:
D:5 1 runed door


Innate Abilities, Weirdness & Mutations

You have very sharp fingernails.
You are mostly covered in large bone plates. (SH +6)
You sometimes gain a little power by taking damage.
When hurt, damage is shared between your health and your magic reserves.
You regenerate magic rapidly.
You are resistant to hostile enchantments. (MR+)
Your natural rate of healing is unusually fast.
You expend magic power (3 MP) to strengthen your wands.


Message History

The cacodemon holds its ground!
The cacodemon hits your bone dragon!
The cacodemon hits your bone dragon but does no damage.
You swap places.
Your profane servitor hits the cacodemon with an enchanted whip! x2
Your bone dragon bites the cacodemon but does no damage.
Your bone dragon claws the cacodemon.
Your bone dragon closely misses the cacodemon.
The deep elf annihilator points at you and mumbles some strange words.
The bolt of lightning hits the Executioner.
The Executioner resists.
The bolt of lightning hits the cacodemon.
The cacodemon resists.
The cacodemon dies!
The bolt of lightning hits your profane servitor.
Your profane servitor resists.
The bolt of lightning hits your vampire knight.
The bolt of lightning hits your flayed ghost.
The bolt of lightning hits you!
You die...
Your body rises from the dead as a mindless zombie.

)|##..# 2$.##.........## |.##W.#
$43##..........## )[##WZ#
ee##.....W.....## |.##ZD#
1e##............## ####VD#
#####)##............'.
####.)######.xeDA##........D...##
..≈≈))≈≈...#####V##.......)D...##
..≈≈..≈≈...#####W####......D...##
).≈≈..≈≈.....ZZZ@# #.......D..##
..≈≈..≈≈...###ZZZ# #.....###D###
####).######.##ZZ# #....##...Z.#
..............##Z# #...##.....VV
.............W.#.# #..##......ZZ
...⌠..Z....Z.W.'.# #.##....=∩..Z
...............#.# #.#..........
..............#### #.#..........
............### #.....∩..#..∩


You could see 2 deep elf annihilators, an Executioner, a deep elf demonologist,
a sixfirhy, a chaos spawn, a friendly bone dragon, a friendly profane servitor,
a friendly vampire knight (invisible), a friendly flayed ghost, a friendly
redback zombie, 3 friendly deep elf mage zombies, a friendly deep elf high
priest zombie, a friendly deep elf demonologist zombie, a friendly deep elf
death mage zombie and 2 friendly deep elf elementalist zombies.

Vanquished Creatures
  A bone dragon (Elf:1)
  2 deep elf blademasters
  A deep elf master archer (Elf:3)
  Gastronok (D:11)
  The ghost of dolemite99 the Martial Artist, an adept MfFi of Hepliaklqana (Elf:1)
  A deep elf sorcerer (Elf:3)
  2 deep elf elementalists
  2 deep elf demonologists (Elf:3)
  An ettin (D:15)
  A fire dragon (Lair:6)
  A deep elf death mage (Elf:3)
  A deep elf high priest (Elf:3)
  An ogre mage (D:15)
  Fannar (D:12)
  5 hydras
  A centaur warrior (D:14)
  A catoblepas (D:14)
  7 dancing weapons
  4 death yaks
  7 two-headed ogres
  2 orc high priests (Orc:2)
  A tengu warrior (D:13)
  8 deep elf knights
  A shadow wraith (D:14)
  A fire crab (Lair:6)
  An iron troll (D:14)
  2 gelid demonspawn (Orc:2)
  A deep troll (D:15)
  2 unseen horrors
  A deep troll (shapeshifter) (Elf:2)
  An infernal demonspawn (Orc:2)
  3 deep elf archers (Elf:1)
  4 orc knights
  28 deep elf magi
  4 cyclopes
  An orc sorcerer (Elf:1)
  9 ugly things
  A faun (shapeshifter) (D:14)
  A moth of wrath (shapeshifter) (Elf:1)
  7 elephants
  2 black mambas
  2 ice statues (IceCv)
  A molten gargoyle (Lair:6)
  6 spiny frogs
  An efreet (D:14)
  8 komodo dragons
  A rime drake (Lair:3)
  A freezing wraith (D:14)
  6 polar bears
  A troll (Orc:2)
  Grinder (D:6)
  A hornet (shapeshifter) (Elf:3)
  The ghost of Potronius the Chopper, an amateur DsBe of Trog (D:4)
  7 blink frogs
  A slime creature (D:13)
  6 hippogriffs
  4 redbacks
  A shadow (D:14)
  2 water elementals
  2 vampires
  6 wyverns
  40 yaks
  3 hogs (D:9)
  A human (D:9)
  A golden eye (shapeshifter) (D:14)
  3 fire elementals
  2 basilisks (Lair:6)
  A redback simulacrum (D:14)
  2 hungry ghosts
  6 vampire mosquitoes
  A chaos spawn (Orc:2)
  2 steam dragons
  Edmund (D:5)
  Menkaure (D:7)
  An insubstantial wisp (Lair:3)
  3 wargs
  A soldier ant (D:5)
  2 hell hounds (Lair:6)
  5 water moccasins
  3 porcupines
  6 ice beasts
  18 orc warriors
  An eye of draining (D:8)
  7 black bears
  2 sky beasts
  An ogre (shapeshifter) (Elf:1)
  10 ogres
  7 phantoms
  10 centaurs
  A necrophage (D:7)
  5 wolves (Lair:3)
  8 crocodiles
  A big kobold (D:11)
  10 bullfrogs
  A gnoll sergeant (D:9)
  3 scorpions
  A hornet simulacrum (D:13)
  6 killer bees (D:9)
  14 wights
  3 electric eels
  8 crimson imps
  2 lava snakes
  9 hounds
  7 jellies
  3 quasits
  2 centaur zombies (D:6)
  16 orc priests
  4 bullfrog skeletons
  2 centaur skeletons
  Crazy Yiuf (D:7)
  5 iguanas
  Ijyb (D:4)
  18 orc wizards
  20 worker ants
  2 hell rats (Lair:5)
  2 hound zombies
  A howler monkey zombie (D:5)
  3 worker ant zombies
  8 gnolls
  12 adders
  7 river rats (Lair:5)
  2 shadow imps
  5 white imps (Orc:2)
  3 adder skeletons
  5 worms
  2 dart slugs
  5 leopard geckos
  77 orcs
  11 giant cockroaches
  11 goblins
  5 hobgoblins
  6 jackals
  11 kobolds
  4 quokkas
  2 ball pythons (D:1)
  6 bats
  6 frilled lizards
  A giant cockroach zombie (D:5)
  2 leopard gecko zombies
  9 rats
  2 butterflies (D:5)
  A fungus (Elf:1)
685 creatures vanquished.

Vanquished Creatures (collateral kills)
  A deep elf blademaster (Elf:3)
  4 deep elf elementalists
  3 deep elf demonologists (Elf:3)
  9 deep elf death magi
  A hydra (Lair:4)
  A deep elf high priest (Elf:3)
  Erica (Lair:1)
  A centaur warrior (D:15)
  A two-headed ogre (D:15)
  3 death yaks
  13 dancing weapons
  6 orc high priests
  4 deep elf knights
  An unseen horror (D:11)
  A gelid demonspawn (Orc:2)
  5 orc knights (Orc:2)
  6 deep elf archers
  4 orc sorcerers (Orc:2)
  23 deep elf magi
  A cyclops (D:15)
  2 manticores
  6 ugly things
  3 black mambas (Lair:6)
  An elephant (Lair:3)
  2 molten gargoyles (Lair:6)
  A spiny frog (Lair:6)
  An ice statue (IceCv)
  An orange demon (Orc:2)
  A rime drake (Lair:4)
  A centaur skeleton (D:15)
  An efreet (D:13)
  A hellwing (Orc:2)
  2 red devils (Orc:2)
  A tengu conjurer (D:15)
  2 trolls
  A hornet (D:11)
  3 slime creatures
  3 blink frogs
  2 hippogriffs
  4 redbacks (Elf:3)
  An air elemental (Elf:1)
  21 yaks
  A wraith (D:11)
  2 wyverns (Lair:6)
  5 basilisks
  2 vampire mosquitoes
  2 hell hounds (Lair:6)
  12 orc warriors
  4 water moccasins
  3 porcupines
  A black bear (Lair:4)
  5 ice beasts
  A phantom (D:11)
  A meliai simulacrum (D:15)
  5 ogres
  2 crocodiles (Lair:6)
  A big kobold (D:11)
  2 bullfrogs
  A gnoll sergeant (D:10)
  An earth elemental (Elf:1)
  2 wyvern skeletons
  4 wights
  4 lava snakes
  2 crimson imps (D:11)
  2 bullfrog zombies
  A jelly (D:14)
  10 orc priests
  2 worker ants
  2 orc wizards
  A hell rat (Lair:5)
  An adder (D:11)
  A river rat (Lair:5)
  2 shadow imps
  8 white imps
  37 orcs
  2 jackals (D:11)
  3 kobolds (D:11)
  2 rats (Lair:5)
  2 crawling corpses (Elf:3)
  8 fungi
  13 plants
310 creatures vanquished.

Vanquished Creatures (others)
  2 vampire knights
  A two-headed ogre (D:8)
  3 skeletal warriors
  2 phantasmal warriors
  4 ugly thing zombies
  2 redback zombies (Elf:3)
  A catoblepas zombie (D:14)
  An ettin zombie (D:15)
  12 flying skulls
  A vampire (Elf:1)
  3 wraiths
  A spiny frog zombie (Lair:2)
  An elephant zombie (Lair:2)
  3 elf zombies
  A centaur (D:8)
  A vampire mosquito zombie (Lair:3)
  A bullfrog (D:8)
  A wyvern zombie (Lair:6)
  A warg zombie (D:15)
  2 yak zombies (D:11)
  3 wights
  A bullfrog zombie (Lair:2)
  A centaur zombie (D:12)
  A black bear zombie (Lair:2)
  2 orc wizards
  2 ogre zombies
  A big kobold zombie (D:11)
  2 iguana zombies (Lair:3)
  A leopard gecko (D:8)
  5 orcs
  A jackal (D:8)
  A kobold zombie (D:11)
  28 orc zombies
  A fungus (Lair:3)
94 creatures vanquished.

Grand Total: 1089 creatures vanquished

Notes
Turn   | Place    | Note
-------+----------+-------------------------------------------
     0 | D:1      | polly the Demonspawn Gladiator began the quest for the Orb.
     0 | D:1      | Reached XP level 1. HP: 16/16 MP: 1/1
     0 | D:1      | Upgraded the game from 0.20-a0-641-g673355a to 0.20-a0-656-g9b0dcd9
   197 | D:1      | Gained mutation: You sometimes gain a little power by taking damage. [demonic ancestry]
   197 | D:1      | Reached XP level 2. HP: 22/22 MP: 2/2
   693 | D:2      | Gained mutation: You have sharp fingernails. [demonic ancestry]
   693 | D:2      | Reached XP level 3. HP: 18/28 MP: 3/3
  1466 | D:3      | Reached XP level 4. HP: 18/34 MP: 4/4
  1714 | D:3      | Found a sparkling altar of Nemelex Xobeh.
  1717 | D:3      | Found a glowing silver altar of Zin.
  1735 | D:3      | Reached skill level 1 in Armour
  2284 | D:4      | Found an opulent altar of Gozag.
  2326 | D:4      | HP: 1/34 [orc wizard/puff of flame (4)]
  2635 | D:4      | Noticed Potronius's ghost (amateur DsBe)
  2722 | D:2      | Gained mutation: You are partially covered in large bone plates. (SH +4) [demonic ancestry]
  2722 | D:2      | Reached XP level 5. HP: 11/41 MP: 5/5
  3226 | D:4      | Gained mutation: You expend magic power (3 MP) to strengthen your wands. [potion of mutation]
  3226 | D:4      | Gained mutation: You are resistant to hostile enchantments. (MR+) [potion of mutation]
  3226 | D:4      | Gained mutation: Your natural rate of healing is unusually fast. [potion of mutation]
  3452 | D:4      | Noticed a phantom
  3485 | D:4      | Found a white marble altar of Elyvilon.
  3528 | D:4      | Noticed an ogre
  3532 | D:4      | Noticed a phantom
  3543 | D:4      | Killed an ogre
  3543 | D:4      | Gained mutation: You are mostly covered in large bone plates. (SH +6) [demonic ancestry]
  3543 | D:4      | Reached XP level 6. HP: 37/47 MP: 6/6
  3639 | D:4      | Reached skill level 1 in Stealth
  3720 | D:4      | Noticed Ijyb
  3736 | D:4      | Killed Ijyb
  3794 | D:4      | Reached skill level 5 in Long Blades
  3794 | D:4      | Reached XP level 7. HP: 45/53 MP: 7/7
  3879 | D:4      | Found a deep blue altar of Sif Muna.
  4048 | D:4      | Killed Potronius's ghost
  4073 | D:5      | Entered Level 5 of the Dungeon
  4174 | D:5      | Noticed Edmund
  4465 | D:5      | Killed Edmund
  4465 | D:5      | Gained mutation: You have very sharp fingernails. [demonic ancestry]
  4465 | D:5      | Reached XP level 8. HP: 35/61 MP: 8/8
  4663 | D:5      | Reached skill level 1 in Unarmed Combat
  4884 | D:5      | Found a bloodstained altar of Trog.
  4975 | D:5      | Reached skill level 5 in Fighting
  4978 | D:5      | Found a runed door.
  4993 | D:5      | Found a runed door.
  5263 | D:5      | Reached skill level 2 in Unarmed Combat
  5378 | D:5      | Reached skill level 3 in Unarmed Combat
  5694 | D:5      | Reached skill level 4 in Unarmed Combat
  6105 | D:6      | Reached skill level 5 in Unarmed Combat
  6135 | D:6      | Reached XP level 9. HP: 38/68 MP: 9/9
  6185 | D:6      | Noticed Grinder
  6212 | D:6      | Killed Grinder
  6356 | D:6      | Found a staircase to the Ecumenical Temple.
  6388 | D:6      | Reached skill level 6 in Unarmed Combat
  6435 | Temple   | Entered the Ecumenical Temple
  6537 | Temple   | Became a worshipper of Yredelemnul the Dark
  6635 | D:6      | Reached skill level 1 in Shields
  6833 | D:6      | Reached skill level 7 in Unarmed Combat
  7013 | D:7      | Noticed Menkaure
  7026 | D:8      | Noticed a two-headed ogre
  7142 | D:7      | Found a runed door.
  7356 | D:7      | Killed Menkaure
  7356 | D:7      | Reached skill level 8 in Unarmed Combat
  7361 | D:7      | Reached * piety under Yredelemnul
  7651 | D:7      | Reached XP level 10. HP: 73/74 MP: 10/10
  7664 | D:7      | Found a burning altar of Makhleb.
  7664 | D:7      | Noticed a cacodemon
  8025 | D:7      | Noticed Crazy Yiuf
  8029 | D:7      | Killed Crazy Yiuf
  8092 | D:8      | Killed a two-headed ogre
  8201 | D:8      | Found a sacrificial altar of Ru.
  8574 | D:8      | Found Luphuenk's Antique Weapon Shoppe.
  8581 | D:8      | Reached skill level 9 in Unarmed Combat
  8585 | D:8      | Noticed a two-headed ogre
  8600 | D:8      | Killed a two-headed ogre
  8812 | D:8      | Found a shimmering altar of Xom.
  8888 | D:8      | Found a stormy altar of Qazlal.
  8888 | D:8      | Found an ancient bone altar of Kikubaaqudgha.
  9420 | D:9      | Reached ** piety under Yredelemnul
  9622 | D:9      | Reached skill level 10 in Unarmed Combat
  9777 | D:9      | Reached skill level 5 in Shields
  9785 | D:9      | Reached skill level 5 in Armour
 10099 | D:9      | Reached XP level 11. HP: 63/80 MP: 11/11
 10326 | D:10     | Entered Level 10 of the Dungeon
 10373 | D:10     | Reached *** piety under Yredelemnul
 10466 | D:10     | Noticed a two-headed ogre
 10474 | D:10     | Killed a two-headed ogre
 10514 | D:10     | Noticed a two-headed ogre
 10524 | D:10     | Killed a two-headed ogre
 10524 | D:10     | Reached skill level 1 in Invocations
 10583 | D:10     | Noticed a two-headed ogre
 10593 | D:10     | Killed a two-headed ogre
 10845 | D:10     | Reached skill level 11 in Unarmed Combat
 10860 | D:10     | Found a staircase to the Orcish Mines.
 10942 | D:10     | Received a gift from Yredelemnul (3 flying skulls)
 11303 | D:11     | Noticed a death yak
 11303 | D:11     | Noticed a death yak
 11308 | D:11     | Found a staircase to the Lair.
 11311 | D:11     | Noticed a death yak
 11315 | D:11     | Killed a death yak
 11338 | D:11     | Killed a death yak
 11348 | D:11     | Killed a death yak
 11354 | D:11     | Received a gift from Yredelemnul (a wight)
 11579 | D:11     | Noticed Gastronok
 11592 | D:11     | Killed Gastronok
 11592 | D:11     | Gained mutation: When hurt, damage is shared between your health and your magic reserves. [demonic ancestry]
 11592 | D:11     | Reached XP level 12. HP: 35/87 MP: 12/14
 11688 | D:11     | Reached **** piety under Yredelemnul
 11697 | D:11     | Received a gift from Yredelemnul (2 flying skulls)
 12047 | D:11     | Reached skill level 12 in Unarmed Combat
 12125 | D:11     | Received a gift from Yredelemnul (a wraith)
 12458 | D:11     | Received a gift from Yredelemnul (a wight)
 12740 | D:12     | Noticed Fannar
 12743 | D:12     | Received a gift from Yredelemnul (5 flying skulls)
 12750 | D:12     | Killed Fannar
 12930 | D:12     | Found a labyrinth entrance.
 13337 | D:13     | Noticed a two-headed ogre
 13343 | D:13     | Killed a two-headed ogre
 13401 | D:13     | Noticed a tengu warrior
 13410 | D:13     | Killed a tengu warrior
 13689 | D:13     | Noticed a four-headed hydra
 13694 | D:13     | Killed a four-headed hydra
 14312 | D:14     | Reached ***** piety under Yredelemnul
 14312 | D:14     | Received a gift from Yredelemnul (a vampire)
 14452 | D:14     | Noticed a catoblepas
 14474 | D:14     | Killed a catoblepas
 14539 | D:14     | Found a roughly hewn altar of Beogh.
 14553 | D:14     | Reached skill level 13 in Unarmed Combat
 14591 | D:14     | Noticed a centaur warrior
 14605 | D:14     | Killed a centaur warrior
 14605 | D:14     | Gained mutation: You regenerate magic rapidly. [demonic ancestry]
 14605 | D:14     | Reached XP level 13. HP: 83/93 MP: 14/16
 14664 | D:14     | Reached skill level 5 in Dodging
 14728 | D:14     | Received a gift from Yredelemnul (a wight)
 14900 | D:14     | Found a gate to the Vaults.
 15000 | D:14     | Got a shimmering long sword
 15001 | D:14     | Identified the +4 long sword "Xonoedgh" {antimagic, rPois Str+4} (You found it on level 14 of the Dungeon)
 15436 | D:15     | Entered Level 15 of the Dungeon
 15612 | D:15     | Received a gift from Yredelemnul (a skeletal warrior)
 15663 | D:15     | Reached skill level 5 in Invocations
 15681 | D:15     | Received a gift from Yredelemnul (2 flying skulls)
 15736 | D:15     | Found a deep blue altar of Sif Muna.
 15789 | D:15     | Noticed an ettin
 15816 | D:15     | Killed an ettin
 15951 | D:15     | Found a staircase to the Depths.
 16172 | D:15     | Reached skill level 10 in Shields
 16220 | D:15     | Received a gift from Yredelemnul (a wraith)
 16259 | D:15     | Reached skill level 14 in Unarmed Combat
 16421 | D:15     | Got an ivory lajatang
 16427 | D:15     | Identified the +7 lajatang of the Spider {distort, *Rage Str+6} (You found it on level 15 of the Dungeon)
 16518 | D:12     | Received a gift from Yredelemnul (a phantasmal warrior)
 16594 | Lair:1   | Entered Level 1 of the Lair of Beasts
 16796 | Lair:1   | Received a gift from Yredelemnul (a wraith)
 17125 | Lair:1   | Noticed Erica
 17132 | Lair:1   | Killed Erica
 17341 | Lair:2   | Reached XP level 14. HP: 76/101 MP: 13/18
 18242 | Lair:3   | Reached ****** piety under Yredelemnul
 18250 | Lair:3   | Received a gift from Yredelemnul (a phantasmal warrior)
 18731 | Lair:3   | Found a hole to the Spider Nest.
 19092 | Lair:3   | Received a gift from Yredelemnul (a skeletal warrior)
 19495 | Lair:4   | Received a gift from Yredelemnul (a vampire knight)
 19885 | Lair:4   | Found a staircase to the Shoals.
 20256 | Lair:5   | Received a gift from Yredelemnul (a skeletal warrior)
 20416 | Lair:5   | Found a staircase to the Slime Pits.
 20851 | Lair:6   | Entered Level 6 of the Lair of Beasts
 20977 | Lair:6   | Reached skill level 15 in Unarmed Combat
 21156 | Lair:6   | Found a large runed door.
 21163 | Lair:6   | Received a gift from Yredelemnul (a vampire)
 21221 | Lair:6   | Found a large runed door.
 22169 | Orc:1    | Entered Level 1 of the Orcish Mines
 22323 | Orc:1    | Received a gift from Yredelemnul (a vampire knight)
 22388 | Orc:2    | Entered Level 2 of the Orcish Mines
 22653 | Orc:2    | Found Weuv's Distillery.
 22654 | Orc:2    | Found Tewifoam's Magic Scroll Shoppe.
 22679 | Orc:2    | Reached XP level 15. HP: 56/107 MP: 16/20
 22687 | Orc:2    | Received a gift from Yredelemnul (a skeletal warrior)
 22766 | Orc:2    | HP: 3/107 [orc knight/enchanted glaive (26)]
 22819 | Orc:2    | Found a frozen archway.
 22858 | IceCv    | Entered an ice cave
 22869 | IceCv    | Received a gift from Yredelemnul (a vampire knight)
 22998 | IceCv    | Received a gift from Yredelemnul (a bone dragon)
 23269 | Orc:2    | Bought a potion of heal wounds for 65 gold pieces
 23269 | Orc:2    | Bought a potion of curing for 39 gold pieces
 23269 | Orc:2    | Bought a potion of heal wounds for 65 gold pieces
 23269 | Orc:2    | Bought a potion of curing for 39 gold pieces
 23334 | Orc:2    | Reached skill level 10 in Armour
 23358 | Orc:2    | Received a gift from Yredelemnul (a vampire)
 23362 | Orc:2    | Found Huaboc's Antique Armour Shop.
 23362 | Orc:2    | Found Geptus's Book Boutique.
 23362 | Orc:2    | Found a one-way gate leading to the halls of Pandemonium.
 23374 | Orc:2    | Bought a pair of glowing boots for 180 gold pieces
 23736 | Orc:2    | Found a staircase to the Elven Halls.
 23868 | Elf:1    | Entered Level 1 of the Elven Halls
 24044 | Elf:1    | Killed a bone dragon
 24054 | Elf:1    | Noticed dolemite99's ghost (adept MfFi)
 24088 | Elf:1    | Killed dolemite99's ghost
 24394 | Elf:1    | Received a gift from Yredelemnul (a skeletal warrior)
 24420 | Elf:1    | Reached skill level 16 in Unarmed Combat
 24867 | Elf:1    | Found a radiant altar of Vehumet.
 25173 | Elf:1    | Received a gift from Yredelemnul (a bone dragon)
 25669 | Elf:2    | Found a huge runed gate.
 25669 | Elf:2    | Found a huge runed gate.
 25669 | Elf:2    | Found a huge runed gate.
 25669 | Elf:2    | Found a huge runed gate.
 25671 | Elf:2    | Found a huge runed gate.
 25693 | Elf:2    | Noticed a deep elf blademaster
 25702 | Elf:2    | Received a gift from Yredelemnul (a phantasmal warrior)
 25714 | Elf:2    | Killed a deep elf blademaster
 25780 | Elf:2    | Reached XP level 16. HP: 34/113 MP: 13/21
 26069 | Elf:2    | Received a gift from Yredelemnul (a profane servitor)
 26076 | Elf:2    | Reached skill level 5 in Stealth
 26377 | Elf:3    | Entered Level 3 of the Elven Halls
 26378 | Elf:3    | Upgraded the game from 0.20-a0-656-g9b0dcd9 to 0.20-a0-672-gd6c3c51
 26566 | Elf:3    | Received a gift from Yredelemnul (a flayed ghost)
 26722 | Elf:3    | Found Povvuiwke's Jewellery Emporium.
 26736 | Elf:3    | Found Ehostrayl's Gadget Emporium.
 26737 | Elf:3    | Found Tolac's Antique Armour Shoppe.
 26740 | Elf:3    | Found Ciesa Cisk's Antique Weapon Shoppe.
 27035 | Elf:3    | Received a gift from Yredelemnul (a vampire knight)
 27146 | Elf:3    | Bought a pair of glowing boots for 180 gold pieces
 27146 | Elf:3    | Bought a jewelled plate armour for 672 gold pieces
 27146 | Elf:3    | Bought an ancient helmet for 228 gold pieces
 27170 | Elf:3    | Identified the cursed +0 helmet "Gaivvi" {rC+++} (You bought it in a shop on level 3 of the Elven Halls)
 27180 | Elf:3    | Identified the +10 plate armour of the Wary Queens {rF+ MR+} (You bought it in a shop on level 3 of the Elven Halls)
 27254 | Elf:3    | Noticed a Tzitzimitl
 27265 | Elf:3    | Reached skill level 17 in Unarmed Combat
 27266 | Elf:3    | Noticed a Tzitzimitl
 27291 | Elf:3    | Noticed an Executioner
 27494 | Elf:3    | Noticed a deep elf blademaster
 27494 | Elf:3    | Noticed a deep elf master archer
 27508 | Elf:3    | Killed a deep elf blademaster
 27513 | Elf:3    | Killed a deep elf master archer
 27659 | Elf:3    | Got an ancient lead ring
 27672 | Elf:3    | Identified the Grimoire of Dark Arts
 27787 | Elf:3    | Got an ancient plate armour
 27800 | Elf:3    | Got a scorched plate armour
 27824 | Elf:3    | Identified the +6 plate armour of the Empire {Int+5 Dex+2} (You found it on level 3 of the Elven Halls)
 27834 | Elf:3    | Identified the cursed +0 plate armour of Disappointment {rN+ Str+3 Dex+2} (You found it on level 3 of the Elven Halls)
 27849 | Elf:3    | Got a polished plate armour
 27855 | Elf:3    | Identified the +3 plate armour "Jisanun" {Str+4} (You found it on level 3 of the Elven Halls)
 27901 | Elf:3    | Identified the ring of Accord {rF+ Dex+4} (You found it on level 3 of the Elven Halls)
 27955 | Elf:3    | Noticed a deep elf blademaster
 27961 | Elf:3    | Noticed an Executioner
 27967 | Elf:3    | Killed a deep elf blademaster
 27971 | Elf:3    | Noticed a deep elf master archer
 27993 | Elf:3    | Killed from afar by a deep elf annihilator

Vault maps used:
D:1:      dpeg_arrival_rooms_c
D:2:      first_bread, serial_bayou_pond_e, grunt_ministairs_13
D:3:      chequers_temple_overflow_statue_of_worship
D:4:      kennysheep_the_goblin_king, lemuel_round_altar, kennysheep_mini,
          elyvilon_altar_3, minmay_bisected
D:5:      lemuel_insect_pit, basic_altar, uniq_edmund
D:6:      kennysheep_six_static_rooms, minmay_temple_entry_overgrown,
          uniq_grinder
D:7:      makhleb_altar_promises_db, st_stairs_11, uniq_crazy_yiuf_cottage,
          uniq_menkaure
D:8:      gammafunk_temple_overflow_elements, xom_confusion_cloud,
          kennysheep_mini_moat, serial_shops, shop
D:9:      grunt_livestock
D:10:     orc_0_dummy, kennysheep_diamond
D:11:     dpeg_lair_monsters, minmay_fire_ice_demons, uniq_gastronok
D:12:     lab_entry_generic, uniq_fannar
D:14:     david_vaults_4, special_room
D:15:     hangedman_depths_entry_civil_slaughter, basic_altar
Temple:   pf_slimified_temple
Lair:1:   hibernation_bobbens, uniq_erica
Lair:2:   beast_lair_carwin_large_1, dpeg_stationary_puzzle
Lair:3:   beast_lair_carwin_large_2, spider_nest_entry_webs, pond
Lair:4:   elwin_shoals_entry_rooms
Lair:5:   minmay_slime_entry_pillars, kennysheep_abandoned_house,
          serial_bayou_shore_b
Lair:6:   cheibrodos_lair_end_hotspot, serial_bayou_shore_a
Orc:1:    serial_shops, shop_fountains, uniq_urug, uniq_maurice, uniq_harold
Orc:2:    pf_orc_diabolical, portal_ice_cave_entry_imps, nicolae_orc_lava_room
Elf:1:    eino_elf_arrival_customs, basic_altar, minmay_elf_crystal_heptagon
Elf:3:    elf_hall_gauntlet_wide, spider_trap, minmay_shoptagon
IceCv:    ice_cave_statue_garden_chambered

Skill      XL: |  1  2  3  4  5  6  7  8  9 10 11 12 13 14 15 16 |
---------------+-------------------------------------------------+-----
Long Blades    | 3 4 5 6 |  6.4
Throwing       | 2 |  2.4
Dodging        | 3 4 5 |  5.7
Armour         | 1 2 3 4 5 6 8 9 10 11 | 11.1
Fighting       | 3 4 5 6 7 |  7.1
Stealth        | 1 2 3 4 5 |  5.2
Unarmed Combat | 5 8 10 11 13 14 15 16 17 | 17.4
Shields        | 3 5 7 8 10 11 12 13 | 13.5
Invocations    | 2 4 5 6 7 |  7.4

Action                   |  1- 3 |  4- 6 |  7- 9 | 10-12 | 13-15 | 16-18 || total
-------------------------+-------+-------+-------+-------+-------+-------++-------
Melee: Long sword        |    94 |   294 |   131 |       |       |       ||   519
       Unarmed           |       |       |   550 |   825 |  1548 |   207 ||  3130
       Punch             |       |       |     1 |       |       |       ||     1
Throw: Throwing net      |     2 |     2 |     2 |     2 |       |       ||     8
       Tomahawk          |       |       |       |       |       |     3 ||     3
Invok: Animate Dead      |       |       |       |    15 |    30 |     4 ||    49
       Animate Remains   |       |       |       |     2 |       |       ||     2
       Recall Undead Sla |       |       |       |       |    10 |       ||    10
       Stop Recall       |       |       |       |       |     1 |       ||     1
       Enslave Soul      |       |       |       |       |     1 |       ||     1
Evoke: Wand              |       |       |       |     1 |       |       ||     1
  Use: Potion            |       |     9 |     1 |       |    11 |     5 ||    26
       Scroll            |       |     3 |     5 |       |    14 |     7 ||    29
 Stab: Held in net/web   |       |     2 |       |     2 |       |       ||     4
       Distracted        |       |       |       |     4 |    12 |     3 ||    19
       Paralysed         |       |       |       |       |    14 |     1 ||    15
  Eat: Chunk             |       |     5 |    13 |    19 |    48 |     2 ||    87
       Meat ration       |       |     1 |       |     1 |       |       ||     2
       Fruit             |       |       |     1 |     1 |     2 |       ||     4
       Bread ration      |       |       |       |     1 |       |       ||     1
       Royal jelly       |       |       |       |       |     3 |     1 ||     4
Armor: Leather armour    |    23 |       |       |       |       |       ||    23
       Chain mail        |    24 |   220 |   222 |   192 |   269 |       ||   927
       Skin              |       |     6 |       |       |       |       ||     6
       Plate armour      |       |       |       |       |   109 |    46 ||   155
Dodge: Dodged            |    74 |   103 |   190 |   134 |   290 |    32 ||   823
Block: Other             |       |    38 |   103 |       |       |       ||   141
       Shield            |       |       |   173 |   672 |  1247 |   133 ||  2225
       Rpst.: Long sword |    32 |    34 |    13 |       |       |       ||    79
